 Dungeon Crawl Stone Soup version 0.24.1-11-gbbbb2193e6 (webtiles) character file.

Game seed: 6966414684510878524, levelgen mode: deterministic

87 CrazyMind the Firebug (level 4, -8/33 HPs)
             Began as a Draconian Fire Elementalist on May 15, 2020.
             Engulfed by a cloud of flame (16 damage)
             ... in an ossuary.
             The game lasted 00:12:41 (2921 turns).

CrazyMind the Firebug (Draconian Fire Elementalist) Turns: 2921, Time: 00:12:41

Health: -8/33      AC:  7    Str: 10    XL:     4   Next: 28%
Magic:  5/8        EV: 12    Int: 16    God:
Gold:   190        SH:  0    Dex: 12    Spells: 3/9 levels left

rFire    . . .     SeeInvis .   j - +1 short sword
rCold    . . .     Gourm    .   (no shield)
rNeg     . . .     Faith    .   (armour unavailable)
rPois    .         Spirit   .   (helmet restricted)
rElec    .         Reflect  .   v - +0 cloak
rCorr    .         Harm     .   f - +0 pair of gloves
MR       +....                  (no boots)
Stlth    ++........             d - amulet of magic regeneration
HPRegen  0.11/turn              l - ring of protection from magic
MPRegen  0.36/turn              (no ring)

@: lethally poisoned (-8 -> -17)
A: unfitting armour, cold-blooded, AC +5
a: no special abilities


You were in an ossuary.
You were hungry.

You visited 1 branch of the dungeon, and saw 4 of its levels.
You also visited: Ossuary.

You collected 190 gold pieces.

Inventory:

Hand Weapons
 e - a +0 dagger
 j - a +1 short sword (weapon)
 k - a +0 whip
Missiles
 a - 58 stones
 i - 11 poisoned darts (quivered)
 n - a throwing net
Armour
 f - a +0 pair of gloves (worn)
 v - a +0 cloak (worn)
Jewellery
 d - an amulet of magic regeneration (around neck)
 l - a ring of protection from magic (left hand)
Scrolls
 h - a scroll of teleportation
 q - 2 scrolls of remove curse
 t - a scroll of blinking
Potions
 c - 3 potions of curing
 g - 2 potions of heal wounds {unknown}
 o - a potion of degeneration {unknown}
 r - a potion of lignification {unknown}
 u - a potion of mutation {unknown}
Comestibles
 b - 3 rations


   Skills:
 + Level 0.3 Fighting
 - Level 0.2 Short Blades
 + Level 2.0 Dodging
 - Level 1.7 Stealth
 + Level 3.1 Spellcasting
 + Level 1.8 Conjurations
 + Level 3.7 Fire Magic


You had 3 spell levels left.
You knew the following spells:

 Your Spells              Type           Power        Failure   Level  Hunger
a - Flame Tongue          Conj/Fire      ##...        6%          1    None
b - Throw Flame           Conj/Fire      ##....       9%          2    ##.....
c - Conjure Flame         Conj/Fire      ##......     17%         3    ###....

Your spell library contained the following spells:

 Spells                   Type           Power        Failure   Level  Hunger
 Magic Dart               Conj           #...         9%          1    None
 Inner Flame              Hex/Fire       #.......     26%         3    ###....
 Blink                    Tloc           N/A          28%         2    ##.....
 Call Imp                 Summ           #.......     28%         2    ##.....
 Slow                     Hex            #.......     28%         2    ##.....
 Mephitic Cloud           Conj/Pois/Air  #.......     41%         3    ###....
 Sticky Flame             Conj/Fire      ##......     50%         4    ####...
 Fireball                 Conj/Fire      ##........   85%         5    ######.


Dungeon Overview and Level Annotations

Branches:
Dungeon (4/15)             Temple (0/1) D:4         Ossuary (1/1)

Altars:


Innate Abilities, Weirdness & Mutations

Your plain brown scales are hard. (AC +5)
You cannot fit into any form of body armour.
You are cold-blooded and may be slowed by cold attacks.


Message History

The hobgoblin zombie hits you but does no damage.
There isn't anything to butcher here.
Casting: Conjure Flame (safe; 17% risk of failure)
Confirm with . or Enter, or press ? or * to list all spells.
Aiming: Conjure Flame (safe; 17% risk of failure)
Press: ? - help, Dir - move target cursor The fire ignites!
You feel sick.
The hobgoblin zombie hits you but does no damage.
The goblin zombie hits you but does no damage.
The hobgoblin zombie hits you but does no damage.
Really walk into that cloud of flame?
You are engulfed in blazing flames.
Ouch! That really hurt!
* * * LOW HITPOINT WARNING * * *
x2 You feel sick.
The hobgoblin zombie closely misses you.
Unknown command.
Unknown command.
You are engulfed in blazing flames.
You die...

#################
#........∩..∩....
#................
#......########..
#...#### #..##
#..+ #..##
#.@.####
#.ZZ...###
#Z........
#.........
#......###
#...#### #..##
#..# #..#


You could see a goblin zombie and 2 hobgoblin zombies.

Vanquished Creatures
  3 adders (D:3)
  An adder zombie (Ossuary)
  A dart slug (D:2)
  10 bats
  2 giant cockroaches (D:1)
  5 goblins
  10 hobgoblins
  4 jackals (D:1)
  A quokka (D:3)
  5 frilled lizards
  A goblin zombie (Ossuary)
  A hobgoblin zombie (Ossuary)
  5 kobolds
  A kobold zombie (Ossuary)
  A leopard gecko skeleton (D:4)
  5 rats
  A rat zombie (Ossuary)
57 creatures vanquished.

Notes
Turn   | Place    | Note
-------+----------+-------------------------------------------
     0 | D:1      | CrazyMind the Draconian Fire Elementalist began the quest
                  | for the Orb.
     0 | D:1      | Reached XP level 1. HP: 14/14 MP: 3/3
   278 | D:1      | Reached XP level 2. HP: 20/20 MP: 1/5
   304 | D:1      | Learned a level 2 spell: Throw Flame
   732 | D:1      | Reached XP level 3. HP: 25/26 MP: 2/6
   737 | D:1      | Learned a level 3 spell: Conjure Flame
  2187 | D:3      | Reached XP level 4. HP: 27/33 MP: 3/8
  2766 | D:4      | Found a staircase to the Ecumenical Temple.
  2807 | D:4      | Found a sand-covered staircase.
  2812 | Ossuary  | Entered an ossuary
  2921 | Ossuary  | Engulfed by a cloud of flame

Levels and vault maps discovered:
D:1:      lemuel_arrival_cross, layout_rooms
D:2:      layout_loops_corners
D:3:      layout_loops_ring
D:4:      layout_loops_ring, lemuel_coloured_pillars_altar, temple_pool_b,
          enter_ossuary_5, uniq_crazy_yiuf_cottage
Ossuary:  minmay_ossuary_two_tombs

Skill      XL: |  1  2  3  4 |
---------------+-------------+-----
Dodging        | 2 |  2.0
Spellcasting   | 3 |  3.1
Fighting       | |  0.3
Short Blades   | |  0.2
Stealth        | |  1.7
Conjurations   | |  1.8
Fire Magic     | |  3.7

Action                   |  1- 3 |  4- 6 || total
-------------------------+-------+-------++-------
Melee: Dagger            |    15 |       ||    15
       Unarmed           |     1 |       ||     1
       Short sword       |    11 |     8 ||    19
       Tailslap          |     3 |     1 ||     4
Throw: Dart              |       |    14 ||    14
 Cast: Flame Tongue      |    71 |    16 ||    87
       Conjure Flame     |     1 |     4 ||     5
  Use: Scroll            |       |     6 ||     6
 Stab: Sleeping          |     5 |       ||     5
  Eat: Chunk             |     5 |     2 ||     7
Armor: Skin              |    24 |    10 ||    34
Dodge: Dodged            |    48 |    10 ||    58
